 Dungeon Crawl Stone Soup version 0.28.0-53-g5a82cb258f (webtiles) character file.

Game seed: 12517937391795422071

24615 jjjjhere the Fighter (level 12, -8/118 HPs)
             Began as a Minotaur Venom Mage on Oct 30, 2022.
             Was a Follower of Ignis.
             Shot with an arrow by Nessos (10 damage)
             ... on level 4 of the Lair of Beasts.
             The game lasted 00:21:00 (17453 turns).

jjjjhere the Fighter (Minotaur Venom Mage)         Turns: 17453, Time: 00:21:00

Health: -8/118     AC: 22    Str: 17    XL:     12   Next: 82%
Magic:  13/13      EV:  6    Int: 12    God:    Ignis [*.....]
Gold:   652        SH: 11    Dex: 12    Spells: 12/13 levels left

rFire   + + .      SeeInvis +   C - +5 trident (freeze)
rCold   . . .      Faith    .   f - +0 kite shield
rNeg    . . .      Spirit   .   I - +0 plate armour
rPois   .          Reflect  .   t - +1 hat
rElec   .          Harm     .   v - +1 cloak
rCorr   .          Rampage  .   M - +0 pair of gloves
Will    .....                   m - +1 pair of boots
Stlth   ..........              (no amulet)
HPRegen 0.29/turn               y - ring of protection from fire
MPRegen 0.13/turn               a - ring of see invisible

@: lethally poisoned (-8 -> -23), about to teleport
A: horns 2, retaliatory headbutt
a: Renounce Religion, Fiery Armour, Foxfire Swarm


You were on level 4 of the Lair of Beasts.
You worshipped Ignis.
Ignis was aware of your devotion.
You visited 3 branches of the dungeon, and saw 13 of its levels.

You collected 652 gold pieces.

Inventory:

Hand Weapons
 C - a +5 trident of freezing (weapon)
Missiles
 b - 2 throwing nets
 F - 3 boomerangs (quivered)
 G - 6 javelins
Armour
 f - a +0 kite shield (worn)
 m - a +1 pair of boots (worn)
 t - a +1 hat (worn)
 v - a +1 cloak (worn)
 I - a +0 plate armour (worn)
 M - a +0 pair of gloves (worn)
Jewellery
 a - a ring of see invisible (right hand)
 d - a ring of ice
 h - a ring of ice
 p - a ring of resist corrosion
 w - a +6 ring of intelligence
 y - a ring of protection from fire (left hand)
Wands
 i - a wand of acid (4)
 D - a wand of mindburst (3)
 J - a wand of digging (10)
 L - a wand of charming (8)
Scrolls
 c - 3 scrolls of teleportation
 e - a scroll of silence
 j - 4 scrolls of identify
 q - 4 scrolls of amnesia
 s - a scroll of fog
 u - a scroll of brand weapon
 A - a scroll of acquirement {unknown}
 H - 3 scrolls of enchant armour
Potions
 g - 2 potions of degeneration
 k - 4 potions of brilliance
 l - 2 potions of curing
 n - 2 potions of berserk rage
 o - 2 potions of haste
 r - 2 potions of heal wounds
 x - 2 potions of attraction
 z - 2 potions of mutation
 B - a potion of invisibility
 K - 2 potions of magic
 N - a potion of might


   Skills:
 + Level 14.3 Fighting
 - Level 1.3 Maces & Flails
 - Level 14.0 Polearms
 - Level 11.0 Armour
 - Level 5.0 Dodging
 - Level 1.5 Stealth
 * Level 11.3 Shields
 - Level 1.3 Spellcasting
 - Level 0.7 Transmutations
 - Level 2.1 Poison Magic


You had 12 spell levels left.
You knew the following spells:

 Your Spells              Type           Power      Damage    Failure   Level
a - Sting                 Tmut/Pois      16%        1d3       100%        1

Your spell library contained the following spells:

 Spells                   Type           Power      Damage    Failure   Level
 Pain                     Necr           0%         1d4       100%        1
 Ensorcelled Hibernation  Hex/Ice        0%         N/A       100%        2
 Passwall                 Tmut/Erth      0%         N/A       100%        2
 Poisonous Vapours        Pois/Air       6%         N/A       100%        2
 Static Discharge         Conj/Air       0%         N/A       100%        2
 Gell's Gravitas          Tloc           0%         N/A       100%        3
 Mephitic Cloud           Conj/Pois/Air  2%         N/A       100%        3
 Swiftness                Air            0%         N/A       100%        3
 Teleport Other           Tloc           0%         N/A       100%        3
 Dispel Undead            Necr           0%         3d6       100%        4
 Olgreb's Toxic Radiance  Pois           6%         N/A       100%        4
 Sticky Flame             Conj/Fire      0%         2d3       100%        4
 Summon Lightning Spire   Summ/Air       0%         N/A       100%        4
 Agony                    Necr           0%         N/A       100%        5
 Excruciating Wounds      Necr           0%         N/A       100%        5
 Dispersal                Tloc           0%         N/A       100%        6
 Storm Form               Tmut/Air       0%         N/A       100%        7
 Maxwell's Capacitive Co  Air            0%         ∞         100%        8


Dungeon Overview and Level Annotations

Branches:
Dungeon (8/15)             Temple (1/1) D:4            Lair (4/6) D:8
 Shoals (0/4) Lair:2        Snake (0/4) Lair:3

Altars:
Ashenzari
Cheibriados
Dithmenos
Elyvilon
Fedhas
Gozag
Hepliaklqana
Kikubaaqudgha
Makhleb
Nemelex Xobeh
Okawaru
Qazlal
Ru
Sif Muna
Trog
Uskayaw
Vehumet
Wu Jian
Xom
Yredelemnul
Zin
The Shining One
Ignis

Shops:
D:5 =

Annotations:
D:4 2 runed translucent doors, bronco's ghost, amateur OpMo
D:7 1 runed translucent door, Crazy Yiuf
Lair:4 1 runed translucent door, HunfridMar's ghost, journeyman DECj; Nessos


Innate Abilities, Weirdness & Mutations

You have a pair of horns on your head.
You reflexively headbutt those who attack you in melee.


Message History

The arrow burns you.
* * * LOW HITPOINT WARNING * * *
Nessos shoots an arrow.
You block the arrow.
You feel sick.
Nessos shoots an arrow.
You block the arrow.
Nessos shoots an arrow.
The arrow hits you!
* * * LOW HITPOINT WARNING * * *
The arrow burns you.
You are lethally poisoned!
* * * LOW HITPOINT WARNING * * *
* * * LOW HITPOINT WARNING * * *
You feel very sick.
You feel better.
Nessos shoots an arrow.
The arrow closely misses you.
As you read the scroll of teleportation, it crumbles to dust.
You feel strangely unstable.
Nessos shoots an arrow.
You block the arrow.
Nessos gestures wildly while chanting.
Nessos blinks!
Nessos shoots an arrow.
The arrow hits you but does no damage.
Your surroundings suddenly seem different.
Unknown command.
Nessos mumbles some strange words.
Nessos blinks!
Nessos pounds the earth with their hooves.
Nessos casts a spell.
Nessos blinks!
Nessos shoots an arrow.
The arrow hits you.
* * * LOW HITPOINT WARNING * * *
You are poisoned.
Nessos shoots an arrow.
The arrow hits you but does no damage.
You feel sick.
Nessos shoots an arrow.
The arrow hits you.
* * * LOW HITPOINT WARNING * * *
As you read the scroll of teleportation, it crumbles to dust.
You feel strangely unstable.
You feel sick.
Nessos shoots an arrow.
The arrow hits you.
* * * LOW HITPOINT WARNING * * *
You feel sick.
Nessos shoots an arrow.
The arrow hits you.
* * * LOW HITPOINT WARNING * * *
The arrow burns you.
You are lethally poisoned!
* * * LOW HITPOINT WARNING * * *
Nessos shoots an arrow.
The arrow hits you!
You die...

##..........................
#........................P.
#....................#..... #####
######..##......#.........# .#..#
####.................. ....##
##.................# .....#
#P.....c...........# .....####
##.................#
......#.#######.@.##............#
##.....#.##.P##P.P.#.#..........#
##....#...........P..............
..c......§.......................
.................................
.P#.................[............
.##..............#..............#
.#P...#..........................
.P..####........................#


You could see Nessos (fast).

Vanquished Creatures
  Snorg (Lair:3)
  A fire dragon (Lair:3)
  A hydra (Lair:1)
  Harold (D:7)
  A boulder beetle (D:8)
  A catoblepas (Lair:2)
  5 death yaks
  Pikel (D:5)
  4 elephants
  A merfolk siren (Lair:2)
  A torpor snail (Lair:4)
  4 cane toads
  3 rime drakes
  Maggie (D:7)
  Psyche (D:8)
  7 komodo dragons
  A polar bear (Lair:3)
  3 merfolk (Lair:2)
  5 blink frogs (Lair:2)
  6 dream sheep
  A vampire (D:7)
  16 yaks
  2 wyverns (Lair:4)
  4 basilisks
  2 steam dragons
  4 water moccasins
  3 nagas (Lair:3)
  An ice beast (D:7)
  A sky beast (D:5)
  2 black bears
  2 necrophages
  4 ogres (D:5)
  4 centaurs
  14 wolves
  2 lemures (D:5)
  A phantom (D:7)
  A kobold brigand (D:7)
  A gnoll sergeant (D:4)
  8 bullfrogs
  4 scorpions
  A water moccasin zombie (D:5)
  3 wights
  An electric eel (Lair:1)
  2 bullfrog zombies
  A centaur zombie (D:5)
  2 hounds
  2 jellies
  A gnoll shaman (D:7)
  6 centaur skeletons
  5 iguanas
  2 orc wizards
  A killer bee zombie (D:6)
  9 gnolls
  4 adders
  A howler monkey skeleton (D:5)
  A shadow imp (D:6)
  An adder skeleton (D:4)
  4 worms (D:2)
  2 dart slugs
  7 orcs
  10 bats
  6 endoplasms
  4 giant cockroaches
  6 hobgoblins
  4 jackals
  12 kobolds
  2 quokkas
  4 ball pythons
  5 frilled lizards
  4 goblins
  4 rats
243 creatures vanquished.

Vanquished Creatures (others)
  111 foxfires
  14 fungi
  21 plants
146 creatures vanquished.

Grand Total: 389 creatures vanquished

Notes
Turn   | Place    | Note
-------+----------+-------------------------------------------
     0 | D:1      | jjjjhere the Minotaur Venom Mage began the quest for the
                  | Orb.
     0 | D:1      | Reached XP level 1. HP: 14/14 MP: 1/1
    76 | D:1      | Reached skill level 1 in Fighting
   144 | D:1      | HP: 3/16 [hobgoblin (4)]
   172 | D:1      | Reached skill level 1 in Maces & Flails
   460 | D:1      | Reached XP level 2. HP: 23/23 MP: 3/3
   479 | D:1      | Reached skill level 1 in Polearms
  1215 | D:2      | Reached XP level 3. HP: 14/28 MP: 1/4
  1865 | D:2      | HP: 7/28 [adder (4)]
  2173 | D:2      | Found Bes Papp's Book Emporium.
  2226 | D:2      | Reached XP level 4. HP: 35/35 MP: 5/5
  3287 | D:3      | Found a faded altar of an unknown god.
  3332 | D:3      | Prayed at the altar of an unknown god.
  3332 | D:3      | Became a worshipper of Ignis, the Dying Flame
  3851 | D:4      | Reached skill level 5 in Polearms
  3851 | D:4      | Reached XP level 5. HP: 27/40 MP: 6/6
  4310 | D:4      | Found a staircase to the Ecumenical Temple.
  4311 | D:4      | Noticed a necrophage
  4323 | D:4      | Killed a necrophage
  4324 | D:4      | Reached XP level 6. HP: 35/47 MP: 7/7
  4694 | D:4      | Found a runed translucent door.
  4696 | D:4      | Noticed bronco's ghost (amateur OpMo)
  4789 | D:4      | Found a runed translucent door.
  4805 | D:4      | HP: 11/47 [gnoll sergeant/+4 trident of freezing (13)]
  5471 | D:5      | Entered Level 5 of the Dungeon
  5471 | D:5      | Found Dukkuch's Jewellery Boutique.
  5513 | Temple   | Entered the Ecumenical Temple
  5943 | D:5      | HP: 15/47 [centaur/arrow (7)]
  5945 | D:5      | HP: 3/47 [centaur/arrow (8)]
  6258 | D:5      | Reached XP level 7. HP: 27/52 MP: 8/8
  6633 | D:5      | Reached skill level 10 in Polearms
  6834 | D:5      | HP: 15/52 [centaur/arrow (10)]
  6835 | D:5      | HP: 5/52 [centaur/arrow (6)]
  6839 | D:5      | Reached XP level 8. HP: 5/59 MP: 9/9
  7504 | D:5      | Found a sacrificial altar of Ru.
  7580 | D:5      | Noticed Pikel
  7602 | D:5      | Killed Pikel
  7995 | D:6      | Reached XP level 9. HP: 54/64 MP: 10/10
  8559 | D:7      | Found a runed translucent door.
  8560 | D:7      | Noticed Crazy Yiuf
  8615 | D:7      | Reached skill level 1 in Armour
  8904 | D:7      | Noticed Maggie
  8947 | D:7      | Killed Maggie
  8948 | D:7      | Reached skill level 5 in Armour
  9144 | D:7      | Noticed Harold
  9156 | D:7      | HP: 23/72 [Harold/harpoon shot (5)]
  9160 | D:7      | HP: 3/72 [Harold/+0 long sword (14)]
  9670 | D:7      | Killed Harold
  9671 | D:7      | Reached skill level 5 in Fighting
  9671 | D:7      | Reached XP level 10. HP: 67/81 MP: 11/11
 10317 | D:8      | Noticed an elephant
 10331 | D:8      | Killed an elephant
 10401 | D:8      | Found a staircase to the Lair.
 10424 | D:8      | Noticed Psyche
 10434 | D:8      | Killed Psyche
 10827 | D:8      | Noticed a boulder beetle
 10854 | D:8      | Killed a boulder beetle
 10855 | D:8      | Reached skill level 10 in Armour
 11121 | Lair:1   | Entered Level 1 of the Lair of Beasts
 11708 | Lair:1   | Reached XP level 11. HP: 97/97 MP: 12/12
 12232 | Lair:1   | Noticed a four-headed hydra
 12245 | Lair:1   | Killed a four-headed hydra
 12246 | Lair:1   | Reached skill level 10 in Fighting
 12442 | Lair:1   | Reached skill level 5 in Dodging
 12944 | Lair:2   | You fall into a shaft and drop 2 floors!
 13012 | Lair:4   | Reached skill level 1 in Shields
 13633 | Lair:2   | Noticed a catoblepas
 13644 | Lair:2   | Killed a catoblepas
 13645 | Lair:2   | Reached skill level 5 in Shields
 14301 | Lair:2   | Reached XP level 12. HP: 112/112 MP: 13/13
 14560 | Lair:2   | Found a staircase to the Shoals.
 15027 | Lair:3   | Noticed Snorg
 15042 | Lair:3   | Killed Snorg
 15352 | Lair:3   | Found a staircase to the Snake Pit.
 15896 | Lair:3   | Noticed a fire dragon
 15920 | Lair:3   | Killed a fire dragon
 16190 | Lair:4   | Noticed a death yak
 16190 | Lair:4   | Noticed a death yak
 16190 | Lair:4   | Noticed a death yak
 16203 | Lair:4   | Noticed a death yak
 16206 | Lair:4   | Noticed a death yak
 16208 | Lair:4   | Killed a death yak
 16208 | Lair:4   | Noticed a death yak
 16217 | Lair:4   | Killed a death yak
 16218 | Lair:4   | Reached skill level 10 in Shields
 16245 | Lair:3   | HP: 36/116 [death yak (17)]
 16251 | Lair:3   | HP: 31/116 [death yak (6)]
 16557 | Lair:3   | Killed a death yak
 16715 | Lair:4   | Noticed a death yak
 16715 | Lair:4   | Noticed a death yak
 16747 | Lair:4   | Killed a death yak
 16759 | Lair:4   | Killed a death yak
 16882 | Lair:4   | Found a runed translucent door.
 16883 | Lair:4   | Noticed HunfridMar's ghost (journeyman DECj)
 17417 | Lair:4   | Noticed Nessos
 17436 | Lair:4   | HP: 32/118 [Nessos/arrow (12)]
 17437 | Lair:4   | HP: 14/118 [Nessos/arrow (2)]
 17450 | Lair:4   | HP: 17/118 [Nessos/arrow (2)]
 17453 | Lair:4   | HP: 3/118 [Nessos/arrow (6)]
 17453 | Lair:4   | Shot with an arrow by Nessos

Illustrated notes

Levels and vault maps discovered:
D:1:      minmay_arrival_stone_box, layout_basic
D:2:      minmay_thinvault, layout_basic, serial_shops, nicolae_diamond_shop
D:3:      layout_loops_ring, shapermc_ecumenical_altar_notcrosses,
          minmay_bisected
D:4:      layout_cave_pods, minmay_temple_entry_overgrown, ebering_ghost_sewer_f
D:5:      layout_rooms, marbit_many_paths, serial_shops, nicolae_square_shop,
          bh_walls_and_bars, uniq_pikel
D:6:      layout_basic
D:7:      layout_cave_pools, minmay_crystal_room, uniq_harold, uniq_maggie,
          uniq_crazy_yiuf_cottage
D:8:      layout_loops_ring, david_lair_generic, uniq_psyche
Temple:   mainiacjoe_temple_trianglar_array
Lair:1:   layout_long_grid, gauntlet_entry_generic, serial_bayou_shore_a,
          infiniplex_staircase_pool
Lair:2:   layout_regular_city, elwin_shoals_entry_stream, minivault_24
Lair:3:   dragon1_lemuel, layout_concentric_octagons,
          minmay_snake_entry_guardpost_small, lemuel_old_faithful, uniq_snorg
Lair:4:   layout_gridlike, gammafunk_ghost_grave, uniq_nessos

Skill      XL: |  1  2  3  4  5  6  7  8  9 10 11 12 |
---------------+-------------------------------------+-----
Fighting       | 1 5 9 12 14 | 14.3
Maces & Flails | 1 |  1.3
Polearms       | 2 3 5 7 8 10 13 14 | 14.0
Armour         | 7 11 | 11.0
Dodging        | 5 |  5.0
Shields        | 7 11 | 11.3
Stealth        | |  1.5
Spellcasting   | |  1.3
Transmutations | |  0.7
Poison Magic   | |  2.1

Action                   |  1- 3 |  4- 6 |  7- 9 | 10-12 || total
-------------------------+-------+-------+-------+-------++-------
Melee: Spear             |   102 |   109 |       |       ||   211
       Unarmed           |     4 |       |       |       ||     4
       Headbutt          |    11 |    14 |    30 |   152 ||   207
       Punch             |     1 |       |     4 |     2 ||     7
       Trident           |       |    16 |   214 |   607 ||   837
Throw: Boomerang         |       |       |       |     1 ||     1
 Cast: Sting             |    17 |     7 |       |       ||    24
Invok: Foxfire Swarm     |       |     4 |     2 |       ||     6
       Fiery Armour      |       |     1 |     1 |       ||     2
       Rising Flame      |       |       |     1 |       ||     1
Evoke: Wand              |       |       |     7 |     9 ||    16
  Use: Scroll            |       |       |    17 |     4 ||    21
       Potion            |       |       |     5 |     1 ||     6
 Stab: Sleeping          |     2 |     4 |       |       ||     6
       Paralysed         |       |       |     8 |       ||     8
       Distracted        |       |       |       |     1 ||     1
Armor: Leather armour    |    15 |    30 |       |       ||    45
       Scale mail        |       |     4 |    30 |       ||    34
       Plate armour      |       |       |    41 |   272 ||   313
Dodge: Dodged            |    50 |    49 |    41 |   124 ||   264
Block: Kite shield       |       |       |       |    84 ||    84
